 Dungeon Crawl Stone Soup version 0.22.1-2-g9c5b331 (webtiles) character file.

628 nightchill the Cutter (level 7, -2/38 HPs)
             Began as a Vine Stalker Assassin on Nov 14, 2018.
             Was an Initiate of Wu Jian.
             Killed by divine providence
             ... invoked by an orc priest
              (9 damage)
             ... on level 5 of the Dungeon.
             The game lasted 00:20:16 (4553 turns).

nightchill the Cutter (Vine Stalker Assassin)       Turns: 4553, Time: 00:20:17

Health: -2/38      AC:  4    Str: 13    XL:     7   Next: 48%
Magic:  0/8        EV: 11    Int: 13    God:    Wu Jian [......]
Gold:   267        SH:  0    Dex: 16    Spells: 6/6 levels left

rFire    . . .     SeeInvis .   u - +2 short sword (freeze)
rCold    . . .     Gourm    .   (no shield)
rNeg     . . .     Faith    .   c - +0 robe
rPois    .         Spirit   +   n - +0 hat
rElec    .         Reflect  .   d - +0 cloak
rCorr    .         Harm     .   s - +0 pair of gloves
MR       .....                  (no boots)
Stlth    +++.......             (no amulet)
HPRegen  0.52/turn              (no ring)
MPRegen  0.11/turn              (no ring)

@: no status effects
A: fangs 2, regeneration 1, magic shield, antimagic bite, no potion heal 3, rot
immunity
a: Renounce Religion


You were on level 5 of the Dungeon.
You worshipped Wu Jian.
Wu Jian was noncommittal.
You were hungry.

You visited 1 branch of the dungeon, and saw 5 of its levels.

You collected 267 gold pieces.

Inventory:

Hand Weapons
 a - a +2 dagger
 b - a +0 blowgun
 u - a +2 short sword of freezing (weapon)
Missiles
 e - 13 poisoned needles
 f - 2 curare-tipped needles
 l - 174 stones (quivered)
 t - 3 silver javelins
Armour
 c - a +0 robe (worn)
 d - a +0 cloak (worn)
 n - a +0 hat (worn)
 o - a cursed +0 shield
 q - a +0 shield
 s - a +0 pair of gloves (worn)
Jewellery
 k - an uncursed ring of wizardry
 p - a +5 ring of strength {unknown}
 x - a +3 ring of dexterity
Wands
 w - a wand of enslavement (17)
 y - a wand of iceblast (8)
Scrolls
 h - a scroll of fog
 j - 2 scrolls of identify
 m - 2 scrolls of remove curse
 r - a scroll of amnesia
Potions
 i - a potion of might
Comestibles
 g - 9 rations
 v - 9 chunks of flesh


   Skills:
 + Level 4.4 Fighting
 * Level 6.1 Short Blades
 - Level 1.7 Throwing
 - Level 0.7 Dodging
 - Level 4.8 Stealth


You had 6 spell levels left.
You didn't know any spells.
Your spell library was empty.

Dungeon Overview and Level Annotations

Branches:
Dungeon (5/15)
 Temple: D:4-7

Altars:
Dithmenos
Fedhas
Hepliaklqana
Makhleb
Wu Jian

Annotations:
D:4 exclusion: ogre
D:5 1 runed door


Innate Abilities, Weirdness & Mutations

You have extremely sharp teeth.
Your natural rate of healing is unusually fast.
When hurt, damage is shared between your health and your magic reserves.
Your bite disrupts and absorbs the magic of your enemies.
Potions cannot restore your health.
You are immune to rotting.


Message History

The water moccasin closely misses you.
You hit the orc priest. You freeze the orc priest.
You bite the orc priest, but do no damage.
The orc priest is heavily wounded.
The orc wizard casts a spell.
The orc wizard seems to speed up.
The orc priest misses you.
The water moccasin bites you but does no damage.
The orc barely misses you.
You hear an angry hiss.
You barely miss the orc priest.
You bite the orc priest, but do no damage.
The orc priest is heavily wounded.
You hear an angry hiss.
The water moccasin bites you.
* * * LOW HITPOINT WARNING * * *
You hit the orc priest. You freeze the orc priest.
The orc priest is severely wounded.
The orc priest calls down the wrath of Beogh upon you.
Beogh smites you!
You die...

#.##.# #########.# ..
####..... #......##.# #.
........###......##.#####.
.......>..................
..................#.##....
...............(..#.##....
............#####.#.##....
........oo..#####.#.##....
.......oS@........#.)'....
......))##############....
........# #.... ........#
##### .......o' ....
.......## ### .......
######## ....... #.......
#.......


You could see a water moccasin, an orc priest, an orc wizard and an orc.

Vanquished Creatures
  A centaur (D:5)
  A crimson imp (D:5)
  2 orc wizards
  2 orc priests (D:5)
  An iguana (D:4)
  6 worker ants
  A hound skeleton (D:3)
  A worker ant zombie (D:5)
  10 adders
  A shadow imp (D:5)
  4 worms (D:2)
  A dart slug (D:1)
  2 leopard geckos
  7 orcs
  7 bats
  13 giant cockroaches
  6 goblins
  6 hobgoblins
  5 jackals
  5 kobolds
  4 quokkas
  4 frilled lizards
  7 rats
97 creatures vanquished.

Notes
Turn   | Place    | Note
-------+----------+-------------------------------------------
     0 | D:1      | nightchill the Vine Stalker Assassin began the quest for
                  | the Orb.
     0 | D:1      | Reached XP level 1. HP: 11/11 MP: 2/2
   134 | D:1      | Reached skill level 2 in Short Blades
   163 | D:1      | Reached XP level 2. HP: 13/15 MP: 3/3
  1109 | D:2      | Found a shadowy altar of Dithmenos.
  1136 | D:2      | Reached XP level 3. HP: 16/18 MP: 4/4
  1239 | D:2      | Reached skill level 3 in Short Blades
  1974 | D:2      | Gained mutation: Your natural rate of healing is unusually
                  | fast. [Vine Stalker growth]
  1974 | D:2      | Reached XP level 4. HP: 13/23 MP: 2/5
  2044 | D:2      | Found a hazy altar of Hepliaklqana.
  2244 | D:2      | Found a burning altar of Makhleb.
  2402 | D:3      | Found a faded altar of an unknown god.
  2792 | D:3      | Reached XP level 5. HP: 27/28 MP: 4/6
  3150 | D:4      | Reached skill level 4 in Short Blades
  3492 | D:4      | Noticed an ogre
  3677 | D:4      | Found an ornate altar of the Wu Jian Council.
  3683 | D:4      | Became a worshipper of the Wu Jian Council
  3711 | D:4      | Reached XP level 6. HP: 13/32 MP: 5/7
  3792 | D:4      | Found a blossoming altar of Fedhas.
  4058 | D:5      | Entered Level 5 of the Dungeon
  4099 | D:5      | Found a runed door.
  4109 | D:5      | Found a runed door.
  4130 | D:5      | Reached skill level 5 in Short Blades
  4173 | D:5      | Reached XP level 7. HP: 9/37 MP: 3/8
  4189 | D:4      | HP: 1/37 [poisoned by a worker ant]
  4194 | D:4      | HP: 1/37 [poisoned by a worker ant]
  4200 | D:4      | HP: 1/37 [poisoned by a worker ant]
  4205 | D:4      | HP: 1/37 [poisoned by a worker ant]
  4534 | D:5      | Reached skill level 6 in Short Blades
  4553 | D:5      | Killed from afar by an orc priest

Skill      XL: |  1  2  3  4  5  6  7 |
---------------+----------------------+-----
Short Blades   | 2 3 4 5 6 |  6.1
Fighting       | 2 3 4 |  4.4
Throwing       | |  1.7
Dodging        | |  0.7
Stealth        | |  4.8

Action                   |  1- 3 |  4- 6 |  7- 9 || total
-------------------------+-------+-------+-------++-------
Melee: Dagger            |    97 |   112 |       ||   209
       Bite              |    30 |    54 |    14 ||    98
       Short sword       |       |    79 |    59 ||   138
 Fire: Blowgun           |     7 |       |       ||     7
Throw: Stone             |     9 |     7 |       ||    16
Invok: Lunge             |       |     4 |     3 ||     7
  Use: Scroll            |       |    10 |       ||    10
       Potion            |       |       |     2 ||     2
 Stab: Sleeping          |     7 |     5 |     1 ||    13
  Eat: Chunk             |     3 |     7 |     1 ||    11
Armor: Robe              |    19 |    36 |    11 ||    66
Dodge: Dodged            |    53 |    84 |    25 ||   162
